 Dungeon Crawl Stone Soup version 0.31-a0-1178-gc5c9b8f871 (webtiles) character file.

Game seed: 6983540621228000262

33392 Lobster4 the Thaumaturge (level 13, -1/70 HPs)
             Began as a Deep Elf Conjurer on Dec 11, 2023.
             Slain by a catoblepas (31 damage)
             ... on level 2 of the Lair of Beasts.
             The game lasted 00:57:17 (18850 turns).

Lobster4 the Thaumaturge (Deep Elf Conjurer)       Turns: 18850, Time: 00:57:17

Health: -1/70      AC:  9    Str:  6    XL:     13   Next: 36%
Magic:  10/33      EV: 16    Int: 27    God:
Gold:   898        SH:  5    Dex: 15    Spells: 24/41 levels left

rFire   + . .        a - +9 whip of Naofym {freeze, rC+ Will+ Str+2}
rCold   + . .        t - +0 buckler
rNeg    . . .        i - +0 steam dragon scales
rPois   .            b - +1 hat {Stlth+}
rElec   .            (no cloak)
rCorr   .            (no gloves)
SInv    .            z - +1 pair of boots
Will    +++..        v - amulet of magic regeneration
Stlth   +++          l - ring of protection from fire
HPRegen 0.31/turn    q - ring of willpower
MPRegen 0.63/turn

%: no passive effects
@: no status effects
A: no striking features
a: no special abilities


You were on level 2 of the Lair of Beasts.
You visited 3 branches of the dungeon, and saw 16 of its levels.
You also visited: Bailey.

You collected 972 gold pieces.
You spent 74 gold pieces at shops.

Inventory:

Hand Weapons
 a - the +9 whip of Naofym (weapon) {freeze, rC+ Will+ Str+2}
   (You found it on level 5 of the Dungeon)

   Str+2:     It affects your strength (+2).
   rC+:       It protects you from cold.
   Will+:     It increases your willpower.
 G - a +4 triple sword of holy wrath
 H - a +0 rapier of flaming
 I - a +5 scimitar of freezing
 J - a +0 sling
 L - a +1 dagger of holy wrath
 N - a +3 short sword
 O - a +2 short sword of freezing
 X - a +3 short sword of venom
Missiles
 k - 6 curare-tipped darts
 o - 9 poisoned darts
Armour
 b - a +1 hat of stealth (worn)
 f - a +2 robe of cold resistance
 i - +0 steam dragon scales (worn)
 t - a +0 buckler (worn)
 z - a +1 pair of boots (worn)
 T - +0 acid dragon scales
Magical Staves
 E - a staff of cold
 K - the staff of the Dark Horse {rF+ Str+3 Int+3 Fire}
   (You took it off a boggart on level 11 of the Dungeon)

   [staff of fire]

   Base accuracy: +5 Base damage: 5 Base attack delay: 1.2 This weapon's minimum
   attack delay (0.6) is reached at skill level 12.
   Str+3:     It affects your strength (+3).
   Int+3:     It affects your intelligence (+3).
   rF+:       It protects you from fire.
   Fire:      It increases the power of your Fire spells.
   It falls into the 'Staves' category.
   It is a one-handed weapon.
 Q - a staff of air
Jewellery
 h - a ring of see invisible
 l - a ring of protection from fire (left hand)
 q - a ring of willpower (right hand)
 v - an amulet of magic regeneration (around neck)
Wands
 m - a wand of charming (13)
 u - a wand of iceblast (2)
 F - a wand of flame (39)
 Y - a wand of digging (5)
Scrolls
 c - 2 scrolls of summoning
 g - a scroll of identify
 x - 3 scrolls of enchant weapon
 y - a scroll of silence
 B - 3 scrolls of poison
 C - a scroll of fear
 D - 3 scrolls of blinking
 M - 2 scrolls of fog
 P - 12 scrolls of teleportation
 S - 2 scrolls of revelation
 V - a scroll of vulnerability
Potions
 d - 2 potions of berserk rage
 e - 6 potions of curing
 j - 3 potions of ambrosia
 n - 3 potions of attraction
 p - 5 potions of mutation
 r - 4 potions of might
 s - a potion of lignification
 w - 2 potions of haste
 A - 5 potions of enlightenment
 R - a potion of invisibility
 U - a potion of brilliance
Miscellaneous
 W - a box of beasts
 Z - a phantom mirror


   Skills:
 - Level 4.0 Fighting
 - Level 3.0 Maces & Flails
 + Level 12.5 Ranged Weapons
 - Level 1.0 Throwing
 - Level 4.0 Armour
 - Level 10.0 Dodging
 - Level 3.0 Stealth
 - Level 5.0 Shields
 + Level 14.5 Spellcasting
 + Level 12.8 Conjurations
 - Level 4.0 Translocations
 - Level 3.0 Earth Magic
 - Level 3.0 Evocations


You had 24 spell levels left.
You knew the following spells:

 Your Spells              Type           Power      Damage    Failure   Level
a - Magic Dart            Conj           100%       1d8       1%          1
b - Searing Ray           Conj           100%       2d8       1%          2
c - Stone Arrow           Conj/Erth      100%       3d13      1%          3
d - Iskenderun's Mystic   Conj/Tloc      60%        2d13      1%          4
e - Apportation           Tloc           82%        N/A       1%          1
f - Brom's Barrelling Bo  Conj/Erth      58%        2d7       1%          4
p - Passwall              Tmut/Erth      22%        N/A       3%          2

Your spell library contained the following spells:

 Spells                   Type           Power      Damage    Failure   Level
 Sandblast                Erth           70%        2d15      1%          1
 Shock                    Conj/Air       100%       1d9       1%          1
 Momentum Strike          Conj/Tloc      100%       3d10      1%          2
 Dazzling Flash           Conj/Hex       100%       N/A       1%          3
 Fulminant Prism          Conj/Hex       26%        3d13      3%          4
 Necrotise                Necr           76%        1d7       4%          1
 Summon Small Mammal      Summ           76%        N/A       4%          1
 Ensorcelled Hibernation  Hex/Ice        38%        N/A       7%          2
 Call Canine Familiar     Summ           19%        N/A       13%         3
 Sigil of Binding         Hex            19%        N/A       13%         3
 Swiftness                Air            19%        N/A       13%         3
 Tukima's Dance           Hex            19%        N/A       13%         3
 Vampiric Draining        Necr           19%        2d7       13%         3
 Dimensional Bullseye     Hex/Tloc       15%        N/A       19%         4
 Orb of Destruction       Conj           36%        9d11      19%         7
 Leda's Liquefaction      Hex/Erth       13%        N/A       24%         4
 Airstrike                Air            9%         2d(2-18)  41%         4
 Conjure Ball Lightning   Conj/Air       26%        3x3d7     43%         6
 Agony                    Necr           19%        N/A       77%         5
 Malign Gateway           Summ/Tloc      15%        N/A       100%        7
 Summon Horrible Things   Summ           9%         N/A       100%        8


Dungeon Overview and Level Annotations

Branches:
Dungeon (12/15)            Temple (1/1) D:6            Lair (3/5) D:8
  Snake (0/4) Lair:2          Orc (0/2) D:12         Bailey (visited)
  Swamp: Lair:2-3    Shoals: Lair:2-3

Altars:
Cheibriados
Dithmenos
Elyvilon
Fedhas
Gozag
Hepliaklqana
Kikubaaqudgha
Makhleb
Nemelex Xobeh
Okawaru
Qazlal
Ru
Sif Muna
Trog
Uskayaw
Wu Jian
Xom
Yredelemnul
Zin
The Shining One

Shops:
D:2 ?=*   D:7 (

Annotations:
D:7 1 exclusion, Jeremiah
D:8 1 exclusion
D:9 2 runed translucent doors
D:11 1 runed translucent door, exclusion: orange crystal statue


Message History

Aim: a catoblepas (100% to hit)
The magic dart hits the catoblepas.
The catoblepas is lightly wounded.
Casting: Magic Dart (safe; 1% risk of failure)
Confirm with . or Enter, or press ? or * to list all spells.
Aiming: Stone Arrow (safe; 1% risk of failure)
Press: ? - help, Shift-Dir - straight line, f/p - catoblepas
Aim: a catoblepas (lightly wounded, 100% to hit)
The stone arrow hits the catoblepas!!
The catoblepas is moderately wounded.
Casting: Stone Arrow (safe; 1% risk of failure)
Confirm with . or Enter, or press ? or * to list all spells.
Aiming: Stone Arrow (safe; 1% risk of failure)
Press: ? - help, Shift-Dir - straight line, f/p - catoblepas
Aim: a catoblepas (moderately wounded, 100% to hit)
The stone arrow hits the catoblepas.
The catoblepas is moderately wounded.
Casting: Stone Arrow (safe; 1% risk of failure)
Confirm with . or Enter, or press ? or * to list all spells.
Aiming: Stone Arrow (safe; 1% risk of failure)
Press: ? - help, Shift-Dir - straight line, f/p - catoblepas
Aim: a catoblepas (moderately wounded, 100% to hit)
The stone arrow hits the catoblepas!
The catoblepas is heavily wounded.
Casting: Stone Arrow (safe; 1% risk of failure)
Confirm with . or Enter, or press ? or * to list all spells.
Aiming: Stone Arrow (safe; 1% risk of failure)
Press: ? - help, Shift-Dir - straight line, f/p - catoblepas
Aim: a catoblepas (heavily wounded, 100% to hit)
The stone arrow hits the catoblepas!
The catoblepas is severely wounded.
The catoblepas gores you! The catoblepas gores you.
You climb upwards.
There is a stone staircase leading down here.
As you read the scroll of fear, it crumbles to dust.
You assume a fearsome visage.
The catoblepas resists with almost no effort.
The catoblepas gores you!!
You die...

#...## ###......#### ######
##...# #..##### # ####..##
####.#### # .##P.## ##.~.~...## #
.P#..P# ###.~~~~~~~.###
P##...####P.~~≈≈≈≈≈~~..## ###
.P..........~≈≈≈~≈≈≈~(..# #.###
....#.......~≈≈~~~~≈≈~..### ##..#
...#.......~≈≈≈.@.~≈~~....####...
....##......≈≈~~.Y≈≈≈......^.....
...###....#.~~~≈~~~~~...##.......
..## ##.###.~≈≈≈≈≈~≈~..###.....(.
...# ####..~~~~≈~~~.### ##......
..## #.#...#...~...##.####......
..#####....##..###...............
.#.##PP....##.## ##.#..##........
..........###### ##..######....#


You could see a catoblepas.

Vanquished Creatures
  2 boulder beetles
  6 two-headed ogres
  2 skysharks
  A deep elf pyromancer (D:11)
  A manticore (D:11)
  2 ugly things (D:11)
  A cyclops (D:11)
  5 elephants (Lair:2)
  A gargoyle (D:7)
  4 cane toads
  3 unseen horrors
  2 rime drakes
  A freezing wraith (D:11)
  A tengu conjurer (D:11)
  4 komodo dragons
  2 trolls
  A queen bee (Lair:2)
  8 blink frogs
  7 spriggans (Bailey)
  3 wraiths
  A vampire (D:11)
  33 yaks
  6 wyverns
  5 basilisks
  2 steam dragons
  3 vampire mosquitoes
  3 acid dragons
  3 nagas (Lair:2)
  An orc warrior (D:7)
  7 water moccasins
  2 ice beasts
  4 wolves (Lair:2)
  7 ogres
  2 boggarts (D:11)
  5 centaurs
  2 phantoms (D:5)
  6 bullfrogs
  A gnoll sergeant (D:12)
  15 wights
  3 scorpions
  35 killer bees
  2 electric eels
  4 howler monkeys
  2 jellies
  4 hounds
  A gnoll bouda (D:8)
  7 orc priests
  5 iguanas
  A sleepcap (D:5)
  2 orc wizards
  A hell rat (Lair:2)
  5 adders
  11 gnolls
  A shadow imp (D:6)
  2 ufetubi (D:6)
  3 worms
  A dart slug (D:3)
  39 orcs
  4 endoplasms
  10 giant cockroaches
  9 goblins
  9 hobgoblins
  8 jackals
  5 kobolds
  5 quokkas
  9 ball pythons
  5 bats (D:1)
  4 frilled lizards
  8 rats
370 creatures vanquished.

Vanquished Creatures (collateral kills)
  2 centaur warriors (D:11)
  A gargoyle (D:7)
  A vampire (D:11)
  An acid dragon (D:11)
5 creatures vanquished.

Grand Total: 375 creatures vanquished

Notes
Turn   | Place    | Note
-------+----------+-------------------------------------------
     0 | D:1      | Lobster4 the Deep Elf Conjurer began the quest for the Orb.
     0 | D:1      | Reached XP level 1. HP: 10/10 MP: 6/6
   229 | D:1      | Reached XP level 2. HP: 15/15 MP: 5/8
   272 | D:1      | Learned a level 2 spell: Searing Ray
   791 | D:1      | Reached XP level 3. HP: 18/19 MP: 5/9
  1560 | D:2      | Reached skill level 1 in Armour
  1764 | D:2      | Found Aregoes's Assorted Antiques.
  1851 | D:2      | Found Gunonkai's Jewellery Shoppe.
  1931 | D:2      | Found Ingi's Magic Scroll Boutique.
  1935 | D:2      | Bought a scroll of identify for 26 gold pieces
  2168 | D:3      | Found an opulent altar of Gozag.
  2233 | D:3      | Reached XP level 4. HP: 24/24 MP: 5/11
  2241 | D:3      | Noticed an ice beast
  2446 | D:3      | Killed an ice beast
  2447 | D:3      | Reached skill level 4 in Spellcasting
  2447 | D:3      | Reached skill level 5 in Conjurations
  2447 | D:3      | Reached skill level 1 in Evocations
  2447 | D:3      | Reached XP level 5. HP: 15/28 MP: 4/13
  3388 | D:3      | Found a burning altar of Makhleb.
  3912 | D:4      | Noticed an ogre
  4184 | D:4      | Learned a level 4 spell: Iskenderun's Mystic Blast
  4190 | D:5      | Entered Level 5 of the Dungeon
  4190 | D:5      | Noticed a phantom
  4250 | D:5      | Reached XP level 6. HP: 32/32 MP: 11/15
  4510 | D:5      | Reached skill level 1 in Shields
  4599 | D:5      | Reached skill level 1 in Fighting
  4599 | D:5      | Reached skill level 5 in Spellcasting
  4599 | D:5      | Reached skill level 1 in Translocations
  4600 | D:5      | Reached XP level 7. HP: 38/38 MP: 6/16
  5010 | D:5      | Identified the +9 whip of Naofym {freeze, rC+ Will+ Str+2}
  5405 | D:5      | You fall into a shaft and drop 2 floors!
  5413 | D:6      | Reached skill level 5 in Dodging
  5522 | D:6      | Reached skill level 1 in Maces & Flails
  5566 | D:6      | Reached skill level 6 in Spellcasting
  5566 | D:6      | Reached XP level 8. HP: 43/43 MP: 12/19
  6711 | D:6      | Found a staircase to the Ecumenical Temple.
  6720 | Temple   | Entered the Ecumenical Temple
  7173 | D:7      | Found a glowing silver altar of Zin.
  7299 | D:7      | Found Rotat's Antique Weapon Emporium.
  7330 | D:7      | Reached skill level 7 in Spellcasting
  7546 | D:7      | Noticed a gargoyle
  7552 | D:7      | Killed a gargoyle
  7553 | D:7      | Reached XP level 9. HP: 41/47 MP: 20/22
  7555 | D:7      | Noticed a gargoyle
  7567 | D:7      | Killed a gargoyle
  7639 | D:7      | Noticed Jeremiah
  7870 | D:8      | Found a shadowy altar of Dithmenos.
  7975 | D:8      | Reached skill level 1 in Ranged Weapons
  8153 | D:8      | Found a shimmering blue altar of Sif Muna.
  8313 | D:8      | Found an iron altar of Okawaru.
  8328 | D:8      | Reached skill level 8 in Spellcasting
  8704 | D:8      | Found a staircase to the Lair.
  8995 | D:9      | Found a snail-covered altar of Cheibriados.
  8996 | D:9      | Found a sparkling altar of Nemelex Xobeh.
  8999 | D:9      | Found a shimmering altar of Xom.
  8999 | D:9      | Found a bloodstained altar of Trog.
  9138 | D:9      | Noticed a troll
  9145 | D:9      | Killed a troll
  9149 | D:9      | Noticed a two-headed ogre
  9161 | D:9      | Killed a two-headed ogre
  9162 | D:9      | Reached skill level 1 in Throwing
  9162 | D:9      | Reached XP level 10. HP: 52/52 MP: 15/24
  9205 | D:9      | Found a large runed translucent door.
  9206 | D:9      | Found a large runed translucent door.
  9222 | D:9      | Reached skill level 9 in Spellcasting
  9556 | D:9      | Identified a scroll of acquirement
  9557 | D:9      | Acquired the Octavo of Destruction
  9563 | D:9      | Learned a level 3 spell: Stone Arrow
  9654 | D:9      | Reached skill level 1 in Earth Magic
  9970 | D:9      | Reached skill level 5 in Ranged Weapons
 10238 | D:10     | Entered Level 10 of the Dungeon
 10325 | D:10     | Found a flagged portal.
 10334 | Bailey   | Entered a bailey
 10677 | Bailey   | Noticed a two-headed ogre
 10688 | Bailey   | Killed a two-headed ogre
 10689 | Bailey   | Reached skill level 10 in Spellcasting
 10689 | Bailey   | Reached XP level 11. HP: 57/57 MP: 14/27
 11087 | D:10     | Noticed a two-headed ogre
 11290 | D:10     | Killed a two-headed ogre
 11381 | D:10     | Reached skill level 5 in Shields
 11424 | D:10     | Found a glowing golden altar of the Shining One.
 11803 | D:11     | Noticed a two-headed ogre
 11811 | D:10     | Killed a two-headed ogre
 11842 | D:11     | Noticed a boulder beetle
 11851 | D:11     | Killed a boulder beetle
 11852 | D:11     | Reached skill level 10 in Dodging
 11982 | D:11     | Reached skill level 11 in Spellcasting
 12048 | D:11     | Noticed a two-headed ogre
 12069 | D:11     | Killed a two-headed ogre
 12070 | D:11     | Reached skill level 10 in Conjurations
 12692 | D:11     | Noticed a two-headed ogre
 12702 | D:11     | Killed a two-headed ogre
 12713 | D:11     | Noticed a centaur warrior
 12728 | D:11     | Noticed a centaur warrior
 12728 | D:11     | Killed a centaur warrior
 12731 | D:11     | Killed a centaur warrior
 12732 | D:11     | Reached skill level 12 in Spellcasting
 12732 | D:11     | Reached XP level 12. HP: 44/62 MP: 17/30
 12819 | D:11     | Identified the staff of the Dark Horse {rF+ Str+3 Int+3
                  | Fire}
 13144 | D:11     | Reached skill level 10 in Ranged Weapons
 13227 | D:11     | Found a runed translucent door.
 13256 | D:11     | Found a runed translucent door.
 13347 | D:11     | Found a runed translucent door.
 13365 | D:11     | Found a runed translucent door.
 13538 | D:11     | Learned a level 1 spell: Apportation
 14055 | D:12     | Found a staircase to the Orcish Mines.
 14140 | D:12     | Noticed a boulder beetle
 14151 | D:12     | Killed a boulder beetle
 14173 | D:12     | Reached skill level 13 in Spellcasting
 15133 | Lair:1   | Entered Level 1 of the Lair of Beasts
 15314 | D:2      | Bought a scroll labelled ODA YFOQ MOSKE for 22 gold pieces
 15725 | Lair:1   | You fall into a shaft and drop 1 floor!
 15776 | Lair:2   | Learned a level 2 spell: Passwall
 15781 | Lair:2   | Learned a level 4 spell: Brom's Barrelling Boulder
 16562 | Lair:2   | Reached XP level 13. HP: 68/68 MP: 18/32
 16632 | Lair:1   | Reached skill level 14 in Spellcasting
 17465 | D:2      | Bought a scroll of identify for 26 gold pieces
 17697 | Lair:2   | Found a staircase to the Snake Pit.
 18850 | Lair:2   | Slain by a catoblepas

Illustrated notes

Levels and vault maps discovered:
D:1:      lemuel_arrival_behind_the_door_small, layout_basic,
          ebering_dispersal_statue_hall, kennysheep_crisscross
D:2:      layout_basic, serial_shops, shop, nicolae_shop_back_alley_shop,
          shop_fountains, kennysheep_another_room, serial_bayou_pond_e,
          minmay_worlds_worst_comb
D:3:      layout_basic, lightli_temple_of_fire, nicolae_gozag_seed_capital,
          minmay_increasing_density
D:4:      layout_cave_pools
D:5:      layout_loops_ring
D:6:      layout_loops_cross, temple_green
D:7:      cheibrodos_statue_roulette, layout_gridville,
          mainiacjoe_overflow_small_starburst, serial_shops, shop, uniq_jeremiah
D:8:      layout_loops_corners, nicolae_sif_muna_little_library,
          okawaru_gym_becter, lemuel_tele_altar, minmay_misc_feat_four_crosses
D:9:      layout_cave_pods, grunt_temple_overflow_open, jmf_multi_god_temple2,
          nicolae_two_hexagons
D:10:     layout_irregular_city, mainiacjoe_overflow_tiny_flanked,
          enter_bailey_2
D:11:     minmay_the_grid_triangle_9x9_recursive_2_mashed
          [minmay_the_grid_triangle_9x9_prize_schism,
          minmay_the_grid_triangle_9x9_flanged_cone,
          minmay_the_grid_triangle_9x9_zippers_vertical,
          minmay_the_grid_triangle_9x9_shrine], layout_loops_corners,
          minmay_statue_crystal_thing
D:12:     layout_irregular_city, david_orc_3
Temple:   dpeg_three_leaves_temple
Lair:1:   layout_chaotic_city, serial_bayou_lagoon_b
Lair:2:   regret_index_bee_streams, layout_cave_pods,
          nicolae_snake_entry_squirm, serial_bayou_shore_a,
          infiniplex_staircase_pool_2
Lair:3:   layout_gridlike, mainiacjoe_swamp_entry_angry_trees, disabler_island

Skill      XL: |  1  2  3  4  5  6  7  8  9 10 11 12 13 |
---------------+----------------------------------------+-----
Stealth        | 3 |  3.0
Dodging        | 3 4 5 6 8 9 10 | 10.0
Armour         | 1 2 3 4 |  4.0
Spellcasting   | 4 5 6 7 8 10 12 13 14 | 14.5
Conjurations   | 5 6 7 8 9 10 12 | 12.8
Evocations     | 1 2 3 |  3.0
Shields        | 1 2 3 4 5 |  5.0
Fighting       | 1 2 3 4 |  4.0
Translocations | 1 2 3 4 |  4.0
Maces & Flails | 1 2 3 |  3.0
Ranged Weapons | 4 6 9 11 12 | 12.5
Throwing       | 1 |  1.0
Earth Magic    | 3 |  3.0

Action                     |  1- 3 |  4- 6 |  7- 9 | 10-12 | 13-15 || total
---------------------------+-------+-------+-------+-------+-------++-------
  Melee: Whip              |       |       |    44 |    13 |     5 ||    62
  Throw: Dart              |       |       |     3 |     9 |       ||    12
   Cast: Magic Dart        |    79 |    95 |    92 |   122 |    23 ||   411
         Searing Ray       |     1 |    18 |    53 |    74 |       ||   146
         Iskenderun's Myst |       |       |     6 |    74 |    22 ||   102
         Stone Arrow       |       |       |       |   140 |    78 ||   218
         Apportation       |       |       |       |     8 |       ||     8
    Use: Scroll            |     1 |     2 |     9 |    19 |     3 ||    34
         Potion            |       |       |     1 |     2 |       ||     3
   Stab: Sleeping          |       |       |     1 |       |       ||     1
         Distracted        |       |       |       |     1 |       ||     1
 Armour: Robe              |     4 |    16 |    68 |    22 |       ||   110
         Steam dragon scal |       |       |       |    68 |    36 ||   104
  Dodge: Dodged            |     5 |    13 |   100 |   120 |    34 ||   272
  Block: Buckler           |       |       |       |    28 |    16 ||    44

Table legend: (Time is in decaauts)
 A = Elapsed time spent in this place.
 B = Non-inter-level travel time spent in this place.
 C = Inter-level travel time spent in this place.
 D = Time resting spent in this place.
 E = Time spent auto-exploring this place.
 F = Levels seen in this place.
 G = Mean time per level.
                   A        B        C        D        E       F      G
               +--------+--------+--------+--------+--------+-----+--------+
         Total |  18918 |  17162 |   1756 |   2298 |  11824 |  17 | 1112.8 |
       Dungeon |  15256 |  13857 |   1399 |   1819 |   9792 |  12 | 1271.3 |
        Temple |      1 |      1 |      0 |      0 |      0 |   1 |    1.0 |
          Lair |   3070 |   2713 |    357 |    160 |   1937 |   3 | 1023.3 |
        Bailey |    589 |    589 |      0 |    319 |     95 |   1 |  589.0 |
               +--------+--------+--------+--------+--------+-----+--------+

Top non-repeatable levels by time:
    D:11: 2142 daAuts
  Lair:2: 1998 daAuts
     D:8: 1540 daAuts
     D:5: 1438 daAuts
     D:3: 1418 daAuts
     D:9: 1271 daAuts
     D:6: 1209 daAuts
     D:1: 1198 daAuts
     D:2: 1058 daAuts
    D:12: 1055 daAuts
    D:10: 1046 daAuts
  Lair:1: 1036 daAuts
     D:7: 986 daAuts
     D:4: 890 daAuts
  Bailey: 589 daAuts
